 Dungeon Crawl Stone Soup version 0.27.0-1-g7a089689b8 (webtiles) character file.

Game seed: 12404787295761279770

550 Froggeryz the Cudgeller (level 6, 0/50 HPs)
             Began as a Demigod Summoner on Aug 1, 2021.
             Splashed by a jelly's acid (4 damage)
             ... on level 5 of the Dungeon.
             The game lasted 00:07:12 (5069 turns).

Froggeryz the Cudgeller (Demigod Summoner)          Turns: 5069, Time: 00:07:12

Health: 0/50       AC: -4    Str: 17    XL:     6   Next: 79%
Magic:  11/11      EV: 15    Int: 17    God:
Gold:   213        SH:  0    Dex: 14    Spells: 7/8 levels left

rFire    . . .     SeeInvis .   k - +0 mace
rCold    . . .     Faith    .   (no shield)
rNeg     . . .     Spirit   .   h - +0 ring mail
rPois    .         Reflect  .   (no helmet)
rElec    .         Harm     .   (no cloak)
rCorr    .         Rampage  .   s - +0 pair of gloves
Will     .....                  a - +0 pair of boots
Stlth    +.........             (no amulet)
HPRegen  0.16/turn              b - +4 ring of protection
MPRegen  0.12/turn              e - +4 ring of evasion

@: corroded
A: high mp 1, forlorn
a: no special abilities


You were on level 5 of the Dungeon.
You visited 1 branch of the dungeon, and saw 6 of its levels.

You collected 213 gold pieces.

Inventory:

Hand Weapons
 k - a +0 mace (weapon)
 t - a +1 dagger of freezing
Missiles
 c - 10 poisoned darts (quivered)
 r - 2 boomerangs
Armour
 a - a +0 pair of boots (worn)
 h - a +0 ring mail (worn)
 s - a +0 pair of gloves (worn)
Jewellery
 b - a +4 ring of protection (left hand)
 e - a +4 ring of evasion (right hand)
Wands
 v - a wand of iceblast (6)
Scrolls
 d - 6 scrolls of identify {unknown}
 m - a scroll of blinking {unknown}
 p - a scroll of silence {unknown}
 q - a scroll of summoning {unknown}
Potions
 f - a potion of cancellation {unknown}
 g - a potion of invisibility {unknown}
 i - 4 potions of curing {unknown}
 j - a potion of lignification {unknown}
 l - a potion of magic {unknown}
 n - 2 potions of heal wounds {unknown}
 o - a potion of flight {unknown}
 u - a potion of resistance {unknown}
 w - a potion of attraction {unknown}


   Skills:
 - Level 2.6 Fighting
 * Level 5.0 Maces & Flails
 - Level 3.1 Armour
 - Level 1.7 Dodging
 - Level 1.7 Stealth
 - Level 1.7 Spellcasting
 - Level 3.6 Summonings


You had 7 spell levels left.
You knew the following spells:

 Your Spells              Type           Power      Damage    Failure   Level
a - Summon Small Mammal   Summ           52%        N/A       9%          1

Your spell library contained the following spells:

 Spells                   Type           Power      Damage    Failure   Level
 Call Imp                 Summ           13%        N/A       12%         2
 Call Canine Familiar     Summ           13%        N/A       24%         3
 Sting                    Tmut/Pois      4%         1d3       34%         1
 Summon Guardian Golem    Hex/Summ       7%         N/A       45%         3
 Poisonous Vapours        Pois/Air       2%         N/A       47%         2
 Dazzling Flash           Conj/Hex       2%         N/A       71%         3
 Gell's Gravitas          Tloc           0%         N/A       71%         3
 Ozocubu's Armour         Ice            1%         N/A       71%         3
 Teleport Other           Tloc           1%         N/A       71%         3
 Summon Lightning Spire   Summ/Air       7%         N/A       86%         4
 Leda's Liquefaction      Hex/Erth       0%         N/A       98%         4
 Olgreb's Toxic Radiance  Pois           1%         N/A       98%         4
 Agony                    Necr           1%         N/A       100%        5
 Bolt of Magma            Conj/Fire/Erth 0%         4d4       100%        5
 Metabolic Englaciation   Hex/Ice        0%         N/A       100%        5
 Silence                  Hex/Air        0%         N/A       100%        5
 Dispersal                Tloc           0%         N/A       100%        6
 Simulacrum               Ice/Necr       0%         N/A       100%        6
 Statue Form              Tmut/Erth      0%         N/A       100%        6


Dungeon Overview and Level Annotations

Branches:
Dungeon (6/15)
 Temple: D:4-7

Annotations:
D:3 1 transporter, floatboth's ghost, amateur DjAE


Innate Abilities, Weirdness & Mutations

Your attributes grow dramatically as you level up.
You have an increased reservoir of magic. (+10% MP)
You shall have no god before yourself.


Message History

d - 6 scrolls labelled ZECUAGROOSA (gained 1)
A jelly comes into view.
The jelly quivers.
You hit the jelly but do no damage.
Your hands burn!
The jelly closely misses you.
You hit the jelly. The acid corrodes you!
Your hands burn!
The jelly is lightly wounded.
The jelly hits you but does no damage.
You hit the jelly but do no damage.
Your hands burn!
The jelly is lightly wounded.
The jelly completely misses you.
You hit the jelly. The acid corrodes you!
Your hands burn!
The jelly is heavily wounded.
The jelly barely misses you.
You completely miss the jelly.
The jelly is heavily wounded.
The jelly hits you.
You are splashed with acid!
Your ring mail prevents you from hitting the jelly.
The jelly is heavily wounded.
The jelly hits you but does no damage.
You barely miss the jelly.
The jelly is heavily wounded.
The jelly hits you. The acid corrodes you!
You are splashed with acid!
The jelly completely misses you.
You are too injured to fight recklessly!
You are too injured to fight recklessly!
You hit the jelly but do no damage.
Your hands burn!
The jelly is heavily wounded.
The jelly hits you.
You are splashed with acid!
* * * LOW HITPOINT WARNING * * *
You hit the jelly. The acid corrodes you!
Your hands burn!
* * * LOW HITPOINT WARNING * * *
The jelly is heavily wounded.
The jelly closely misses you.
You hit the jelly.
Your hands burn!
* * * LOW HITPOINT WARNING * * *
The jelly is severely wounded.
The jelly barely misses you.
You hit the jelly but do no damage.
Your hands burn!
You die...

#.# ##.#.##
#.######..#...
#.........#.##
########..#.##
#...... #..###.
### ##..# #.
#.####.##
##...###.
#...J@..#
#....>...
#.####.##
#......≈. #.#
#......≈.
#.########...#.≈≈
#............#.≈≈
#########......≈≈
#.####.≈≈ #.#
#.≈≈ #.# #..≈


You could see a jelly.

Vanquished Creatures
  Menkaure (D:5)
  A bullfrog (D:6)
  A water moccasin zombie (D:6)
  3 hounds (D:5)
  An orc priest (D:3)
  3 orc wizards (D:4)
  A howler monkey skeleton (D:6)
  2 ufetubi
  A dart slug (D:1)
  5 orcs
  6 ball pythons
  2 endoplasms
  3 giant cockroaches
  3 goblins
  3 hobgoblins
  4 jackals
  A quokka (D:5)
  2 bats
  3 kobolds
  7 rats
53 creatures vanquished.

Vanquished Creatures (collateral kills)
  An ogre (D:4)
  A worm (D:2)
  2 ball pythons (D:1)
  2 hobgoblins (D:1)
  12 jackals (D:1)
  A quokka (D:1)
  A kobold (D:1)
  A rat (D:1)
21 creatures vanquished.

Vanquished Creatures (others)
  2 plants (D:2)
2 creatures vanquished.

Grand Total: 76 creatures vanquished

Notes
Turn   | Place    | Note
-------+----------+-------------------------------------------
     0 | D:1      | Froggeryz the Demigod Summoner began the quest for the Orb.
     0 | D:1      | Reached XP level 1. HP: 14/14 MP: 5/5
   226 | D:1      | Reached skill level 1 in Fighting
   644 | D:1      | Reached XP level 2. HP: 23/23 MP: 4/7
  1802 | D:2      | Reached XP level 3. HP: 20/30 MP: 4/8
  2457 | D:3      | Found a transporter.
  2521 | D:3      | Noticed a necrophage
  2523 | D:3      | Noticed floatboth's ghost (amateur DjAE)
  2577 | D:3      | Found a transporter.
  2976 | D:4      | Noticed an ogre
  2989 | D:4      | Killed an ogre
  2990 | D:4      | Reached skill level 2 in Maces & Flails
  2990 | D:4      | Reached skill level 1 in Armour
  2990 | D:4      | Reached XP level 4. HP: 37/37 MP: 9/9
  3065 | D:4      | You fall into a shaft and drop 2 floors!
  3205 | D:5      | Entered Level 5 of the Dungeon
  3222 | D:6      | Reached XP level 5. HP: 32/42 MP: 10/10
  3301 | D:5      | Noticed Menkaure
  3312 | D:6      | Reached skill level 3 in Maces & Flails
  3831 | D:4      | Noticed a steam dragon
  4206 | D:3      | Reached XP level 6. HP: 41/50 MP: 11/11
  4280 | D:4      | Reached skill level 4 in Maces & Flails
  4434 | D:4      | You fall into a shaft and drop 1 floor!
  4454 | D:5      | Killed Menkaure
  4895 | D:5      | Reached skill level 5 in Maces & Flails
  5069 | D:5      | Splashed by a jelly's acid

Illustrated notes

Levels and vault maps discovered:
D:1:      beargit_arrival_greenhouse, layout_loops_ring,
          amcnicky_mini_corridor_feature, minivault_11, minivault_4,
          dk_noncrumbling_4
D:2:      layout_basic, ebering_ecumenical_altar_rust, serial_forest,
          infiniplex_forest_clump_small, infiniplex_forest_clump_curved,
          infiniplex_forest_straight_2, infiniplex_forest_end_2,
          infiniplex_forest_clump_long, fountainhead
D:3:      layout_rooms, gammafunk_ghost_mausoleum
D:4:      layout_gridville, mainiacjoe_overflow_brackets, tgw_trog
D:5:      layout_loops_ring, nicolae_dithmenos_shadow_blocks,
          amcnicky_altar_gilded, mainiacjoe_overflow_alcove_1,
          mainiacjoe_overflow_catwalk, uniq_menkaure, uniq_sigmund
D:6:      layout_loops_ring, nicolae_overflow_crystal_walls

Skill      XL: |  1  2  3  4  5  6 |
---------------+-------------------+-----
Fighting       | 1 2 |  2.6
Maces & Flails | 2 3 5 |  5.0
Armour         | 1 2 3 |  3.1
Dodging        | |  1.7
Stealth        | |  1.7
Spellcasting   | |  1.7
Summonings     | |  3.6

Action                   |  1- 3 |  4- 6 || total
-------------------------+-------+-------++-------
Melee: Unarmed           |    15 |       ||    15
       Dagger            |   139 |       ||   139
       Mace              |    38 |   141 ||   179
Throw: Dart              |    11 |    13 ||    24
 Cast: Summon Small Mamm |    40 |    13 ||    53
  Use: Scroll            |     1 |       ||     1
 Stab: Distracted        |     2 |       ||     2
       Sleeping          |     2 |       ||     2
Armor: Robe              |    40 |       ||    40
       Ring mail         |    39 |    53 ||    92
Dodge: Dodged            |   154 |   160 ||   314
